Map: 오토메이턴 - 래더

Players

Maru - Winner!

  • Race: Terran Terran
  • Spawn Location: 9:00

Lambo

  • Race: Zerg Zerg
  • Spawn Location: 3:00

Event: IEM Season 13: Katowice (2019)

VOD

Have the link to the VOD?

Description

Time

  • Played on: Feb. 28, 2019, 12:54 p.m.
  • Length: 6:04

All games in this series

Show
View Real Time Build Order
Export as new Build Order

Maru Terran - Winner!

Build Orders: Gas First Reaper Expand, Hellion Banshee 

Get SALT Encoding   

  12  0:00  SCV  
  13  0:12  SCV  
  14  0:17  Supply Depot  
  14  0:24  SCV  
  15  0:29  Refinery  
  15  0:39  SCV  
  16  0:45  Barracks  
  16  0:51  SCV  
  17  1:03  SCV  
  18  1:15  SCV  
  19  1:32  Reaper, Orbital Command  
  20  1:43  Command Center  
  20  1:54  Factory  
  20  1:57  SCV  
  21  2:08  Barracks Reactor  
  21  2:09  SCV  
  21  2:12  Supply Depot  
  22  2:21  SCV  
  22  2:22  Refinery  
  23  2:34  SCV  
  24  2:46  Starport, SCV  
  24  2:48  Hellion x2  
  29  2:53  Barracks Tech Lab  
  29  2:58  Orbital Command, SCV  
  30  3:09  Hellion  
  30  3:10  Hellion  
  34  3:14  SCV  
  35  3:20  Marine  
  35  3:24  SCV  
  37  3:28  SCV, Cloaking Field  
  37  3:33  Supply Depot  
  38  3:35  Banshee  
  43  3:41  SCV, Hellion  
  43  3:43  SCV  
  47  3:55  Hellion  
  47  3:56  Armory, SCV  
  47  3:58  Supply Depot  
  47  4:02  SCV  
  49  4:07  Hellion  
  49  4:08  SCV  
  52  4:15  SCV  
  53  4:20  SCV, Hellion  
  53  4:22  Supply Depot  
  56  4:27  SCV  
  56  4:29  Hellion  
  59  4:32  Banshee  
  62  4:44  SCV, Hellion  
  65  4:46  Supply Depot  
  65  4:47  SCV  
  65  4:52  Command Center  
  66  4:56  SCV  
  66  4:58  Hellion  
  69  5:01  SCV  
  70  5:08  SCV, Hellion  
  70  5:13  SCV  
  72  5:19  Hellion  
  62  5:23  SCV  
  62  5:25  SCV  
  64  5:29  Factory, Hellion  
  64  5:33  Factory  
  64  5:35  SCV  
  59  5:38  Refinery  
  59  5:39  Refinery  
  59  5:41  SCV, Hellion  
  65  5:47  SCV  
Show
View Real Time Build Order
Export as new Build Order

Lambo Zerg 

Build Orders: Hatch First 

Get SALT Encoding   

  12  0:01  Drone  
  13  0:13  Overlord  
  13  0:18  Drone  
  14  0:31  Drone x2  
  16  0:49  Hatchery  
  15  0:52  Drone  
  15  0:56  Drone  
  17  1:00  Drone  
  18  1:11  Extractor  
  17  1:15  Spawning Pool  
  17  1:18  Drone  
  17  1:21  Drone  
  18  1:29  Drone  
  19  1:40  Drone  
  20  1:51  Overlord  
  20  2:01  Queen  
  20  2:02  Queen, Zergling x2  
  20  2:03  Zergling x2  
  26  2:12  Metabolic Boost  
  26  2:13  Drone  
  26  2:14  Drone  
  28  2:27  Drone x2  
  30  2:41  Hatchery  
  30  2:44  Drone  
  30  2:49  Pneumatized Carapace  
  30  2:52  Drone  
  30  2:54  Drone  
  32  2:59  Overlord  
  32  3:02  Drone  
  32  3:04  Drone  
  34  3:07  Drone  
  35  3:13  Drone  
  35  3:18  Drone  
  35  3:19  Overlord, Drone x2  
  39  3:27  Queen  
  39  3:29  Drone  
  39  3:30  Drone  
  39  3:31  Drone  
  44  3:40  Queen  
  46  3:44  Drone x2  
  48  3:49  Overlord  
  48  3:50  Zergling x2  
  48  3:51  Zergling x2  
  48  3:53  Zergling x2  
  51  3:56  Overlord  
  51  4:00  Queen  
  53  4:03  Queen  
  53  4:09  Drone x2  
  57  4:12  Drone, Baneling Nest  
  57  4:16  Drone x2  
  59  4:17  Drone x2  
  59  4:23  Overlord  
  61  4:25  Spore Crawler  
  61  4:27  Spore Crawler  
  61  4:28  Spore Crawler  
  61  4:29  Drone  
  59  4:33  Zergling x2, Drone  
  61  4:38  Queen  
  61  4:41  Zergling x4  
  61  4:42  Zergling x2  
  66  4:45  Spore Crawler  
  65  4:56  Baneling x8  
  63  5:01  Drone x8  
  63  5:05  Drone x2  
  68  5:10  Queen  
  65  5:18  Drone x3  
  66  5:23  Drone  
  66  5:28  Drone x2  
  63  5:36  Zergling x4  
  63  5:40  Zergling x2  

Tags
 
Add a new tag
Caveats
  • Supply blocks, unpowered buildings, or Contaminate may cause inaccurate times.
  • Supply counts are checked every 10 seconds.